[Event "FIDE WYCC Open U14 2023"]
[Site "Montesilvano"]
[Date "2023.11.18"]
[Round "6.28"]
[White "Lin, Leo"]
[Black "Tamer Waguih, Farid"]
[Result "1-0"]
[ECO "B17"]
[WhiteElo "2097"]
[BlackElo "1893"]
[Annotator "NA"]
[PlyCount "43"]
[EventDate "2023.11.13"]
[EventType "swiss"]
[EventCountry "ITA"]
[SourceTitle "playchess.com"]
[Source "ChessBase"]
[SourceQuality "1"]
[TimeControl "40/5400+30:1800+30"]

1. e4 c6 2. d4 d5 3. Nd2 dxe4 4. Nxe4 Nd7 5. Nf3 Ngf6 6. Ng3 e6 7. Bd3 Bd6 8. O-O O-O 9. Re1 Qc7 10. Ne4 Nxe4 11. Rxe4 e5 12. dxe5 Nxe5 13. Nxe5 Bxe5 14. Qh5 Bf6 15. Rh4 h6 16. Bxh6 g6 17. Qc5 Rd8 18. Bg5 Bxb2 19. Re1 Be6 20. c3 Bg4 21. Bf6 Bh5 22. Rxh5 1-0

[Event "FIDE WYCC Open U14 2023"]
[Site "Montesilvano"]
[Date "2023.11.18"]
[Round "6.29"]
[White "Asikainen, Eeli"]
[Black "Zhang, Kendrick Botong"]
[Result "*"]
[WhiteElo "2081"]
[BlackElo "1876"]
[Annotator "NA"]
[PlyCount "41"]
[EventDate "2023.11.13"]
[EventType "swiss"]
[EventCountry "ITA"]
[SourceTitle "playchess.com"]
[Source "ChessBase"]
[SourceQuality "1"]
[TimeControl "40/5400+30:1800+30"]

1. e4 c5 2. Nf3 e6 3. d4 cxd4 4. Nxd4 Nc6 5. Nc3 Qc7 6. g4 a6 7. Be3 Nxd4 8. Qxd4 b5 9. O-O-O Bb7 10. f3 Rc8 11. Qd2 Bb4 12. Bd4 f6 13. a3 Bd6 14. Ne2 Ne7 15. g5 Nc6 16. Bc3 Be5 17. gxf6 Bxf6 18. Bxf6 gxf6 19. Qh6 Ne5 20. c3 Kf7 21. Rg1 *

[Event "FIDE WYCC Open U14 2023"]
[Site "Montesilvano"]
[Date "2023.11.18"]
[Round "6.30"]
[White "Kuziev, Miraziz"]
[Black "Zhang, Brian"]
[Result "*"]
[WhiteElo "2053"]
[BlackElo "1867"]
[Annotator "NA"]
[PlyCount "92"]
[EventDate "2023.11.13"]
[EventType "swiss"]
[EventCountry "ITA"]
[SourceTitle "playchess.com"]
[Source "ChessBase"]
[SourceQuality "1"]
[TimeControl "40/5400+30:1800+30"]

1. d4 d5 2. c4 c6 3. Nf3 Nf6 4. e3 e6 5. Bd3 dxc4 6. Bxc4 b5 7. Bd3 a6 8. a4 b4 9. Qc2 Bb7 10. O-O Nbd7 11. e4 Be7 12. Re1 c5 13. d5 exd5 14. exd5 O-O 15. Rd1 Nb6 16. Bg5 Nbxd5 17. Bxf6 Bxf6 18. Bxh7+ Kh8 19. Be4 Qd6 20. Nbd2 Rfd8 21. Nc4 Qc7 22. Qb3 Kg8 23. a5 Qf4 24. Re1 Re8 25. Nb6 Rxe4 26. Nxa8 Bxa8 27. Rxe4 Qxe4 28. Re1 Qf5 29. Qc4 Nc7 30. Re3 Qd5 31. Qg4 Ne6 32. h4 g6 33. Ng5 Bd4 34. Re2 Nxg5 35. hxg5 Bc6 36. Kh2 Kg7 37. f4 Bd7 38. Qh4 Be6 39. b3 Qf5 40. Re1 Qg4 41. Qxg4 Bxg4 42. Re7 Be6 43. Ra7 c4 44. Rxa6 cxb3 45. Rb6 Bxb6 46. axb6 Bc8 *

[Event "FIDE WYCC Open U14 2023"]
[Site "Montesilvano"]
[Date "2023.11.18"]
[Round "6.31"]
[White "Morkunas, Gustas"]
[Black "Hernandez Mendez, Iker"]
[Result "1-0"]
[ECO "B34"]
[WhiteElo "2052"]
[BlackElo "1919"]
[Annotator "NA"]
[PlyCount "55"]
[EventDate "2023.11.13"]
[EventType "swiss"]
[EventCountry "ITA"]
[SourceTitle "playchess.com"]
[Source "ChessBase"]
[SourceQuality "1"]
[TimeControl "40/5400+30:1800+30"]

1. e4 c5 2. Nf3 Nc6 3. d4 cxd4 4. Nxd4 g6 5. Nc3 Bg7 6. Nb3 Bxc3+ 7. bxc3 Nf6 8. Bd3 d5 9. exd5 Qxd5 10. O-O O-O 11. c4 Qd6 12. h3 Rd8 13. Bb2 b6 14. Qe2 Bb7 15. Rad1 Qc7 16. Rfe1 Rd6 17. Qd2 Rad8 18. c5 R6d7 19. Qc3 Nd4 20. Nxd4 Rxd4 21. cxb6 Qxb6 22. Rxe7 Rf4 23. Re3 Rdd4 24. Rde1 h5 25. Qb3 Rb4 26. Re8+ Kg7 27. Qxf7+ Kxf7 28. R1e7# 1-0

[Event "FIDE WYCC Open U14 2023"]
[Site "Montesilvano"]
[Date "2023.11.18"]
[Round "6.32"]
[White "La Barbera, Manfredi"]
[Black "Boci, Mateo"]
[Result "0-1"]
[ECO "B31"]
[WhiteElo "2043"]
[BlackElo "1832"]
[Annotator "NA"]
[PlyCount "90"]
[EventDate "2023.11.13"]
[EventType "swiss"]
[EventCountry "ITA"]
[SourceTitle "playchess.com"]
[Source "ChessBase"]
[SourceQuality "1"]
[TimeControl "40/5400+30:1800+30"]

1. e4 c5 2. Nf3 Nc6 3. Bb5 g6 4. O-O Bg7 5. Re1 e5 6. b4 Nxb4 7. Bb2 a6 8. a3 axb5 9. axb4 Rxa1 10. Bxa1 cxb4 11. Qe2 d6 12. Qxb5+ Qd7 13. Qxb4 Ne7 14. d4 exd4 15. Nxd4 O-O 16. Na3 d5 17. Nab5 Nc6 18. Nxc6 bxc6 19. Bxg7 Kxg7 20. Nd6 Rd8 21. Qd4+ Kg8 22. e5 Qc7 23. Ra1 Be6 24. Qc5 Rb8 25. h4 Qb6 26. Qxb6 Rxb6 27. Ra8+ Kg7 28. Ne8+ Kh6 29. Nf6 g5 30. Rg8 gxh4 31. g4 hxg3 32. fxg3 Bf5 33. g4 Bg6 34. Kh2 Rb1 35. Kg3 d4 36. Nh5 Re1 37. Rd8 Bxh5 38. gxh5 Rxe5 39. Rxd4 Kxh5 40. Kf4 Rc5 41. Rd2 Kg6 42. Rg2+ Kf6 43. Rh2 h5 44. Ke3 Kg6 45. Kd4 Rg5 0-1

[Event "FIDE WYCC Open U14 2023"]
[Site "Montesilvano"]
[Date "2023.11.18"]
[Round "6.33"]
[White "Pleschke, Julius Jonas"]
[Black "Sheahan, Gavin"]
[Result "1/2-1/2"]
[ECO "A45"]
[WhiteElo "2024"]
[BlackElo "1807"]
[Annotator "NA"]
[PlyCount "208"]
[EventDate "2023.11.13"]
[EventType "swiss"]
[EventCountry "ITA"]
[SourceTitle "playchess.com"]
[Source "ChessBase"]
[SourceQuality "1"]
[TimeControl "40/5400+30:1800+30"]

1. d4 Nf6 2. Nc3 d5 3. Bf4 a6 4. e3 c5 5. dxc5 e6 6. Na4 Bxc5 7. Nxc5 Qa5+ 8. c3 Qxc5 9. Nf3 Nbd7 10. Bd3 O-O 11. O-O Qe7 12. Ne5 Nxe5 13. Bxe5 Nd7 14. Bg3 Nc5 15. Bc2 Rd8 16. Qd4 b5 17. h4 f6 18. f3 e5 19. Qd2 Be6 20. a4 Nd7 21. Qd3 f5 22. axb5 axb5 23. b4 Rac8 24. Bb3 Qd6 25. Rfd1 f4 26. Bf2 fxe3 27. Bxe3 Nf6 28. Bg5 Qc6 29. Rac1 Rd7 30. Qe3 Qd6 31. Re1 e4 32. Bxf6 gxf6 33. fxe4 dxe4 34. Bxe6+ Qxe6 35. Qxe4 Qxe4 36. Rxe4 Rdc7 37. h5 Rxc3 38. Rxc3 Rxc3 39. Re8+ Kg7 40. Rb8 Kh6 41. Rxb5 Rb3 42. Kh2 f5 43. Rxf5 Rxb4 44. Kh3 Kg7 45. Ra5 h6 46. Ra6 Rc4 47. g4 Rb4 48. Kh4 Rc4 49. Ra7+ Kh8 50. Kg3 Rb4 51. Re7 Kg8 52. Kf3 Ra4 53. Re4 Ra5 54. Kf4 Kf7 55. Rb4 Kf6 56. Rb6+ Kg7 57. Rb7+ Kg8 58. Re7 Rb5 59. Re5 Rb1 60. Ra5 Rf1+ 61. Ke5 Rf2 62. Ra4 Kg7 63. Ra7+ Kg8 64. Ra6 Kg7 65. Rg6+ Kh7 66. Rb6 Kg7 67. Rb7+ Kg8 68. Ra7 Rf1 69. Ke4 Rf2 70. Ra3 Kg7 71. Rf3 Rxf3 72. Kxf3 Kf7 73. Ke2 Ke6 74. Kd3 Kf7 75. Kd2 Kf6 76. Ke3 Ke7 77. Kf4 Kf6 78. Kg3 Kg7 79. Kg2 Kg8 80. Kf1 Kf7 81. Kg1 Kg7 82. Kf2 Kf6 83. Ke3 Ke7 84. Kd2 Kf6 85. Ke2 Ke6 86. Kf3 Kf7 87. Ke3 Ke7 88. Kf4 Kf6 89. Ke4 Ke6 90. Kf4 Kf6 91. Kg3 Kg7 92. Kh4 Kf6 93. Kh3 Kf7 94. Kg3 Kg7 95. Kh4 Kf6 96. g5+ hxg5+ 97. Kg4 Kg7 98. Kxg5 Kh7 99. h6 Kh8 100. Kh4 Kh7 101. Kh5 Kh8 102. Kg6 Kg8 103. h7+ Kh8 104. Kf7 Kxh7 1/2-1/2

[Event "FIDE WYCC Open U14 2023"]
[Site "Montesilvano"]
[Date "2023.11.18"]
[Round "6.34"]
[White "Sharshenbekov, Emir"]
[Black "Sommer, Justus"]
[Result "*"]
[WhiteElo "1893"]
[BlackElo "2013"]
[Annotator "NA"]
[PlyCount "68"]
[EventDate "2023.11.13"]
[EventType "swiss"]
[EventCountry "ITA"]
[SourceTitle "playchess.com"]
[Source "ChessBase"]
[SourceQuality "1"]
[TimeControl "40/5400+30:1800+30"]

1. e4 e5 2. Nf3 Nc6 3. Nc3 Nf6 4. Bb5 Bb4 5. O-O O-O 6. d3 d6 7. Bg5 Bxc3 8. bxc3 h6 9. Bh4 Bg4 10. h3 Bh5 11. Re1 Na5 12. g4 Bg6 13. d4 Qe7 14. Nd2 Bh7 15. f3 c6 16. Bd3 c5 17. Nb3 Nxb3 18. axb3 g5 19. Bf2 Rfd8 20. Ra5 Qc7 21. Qa1 b6 22. Ra6 Kg7 23. d5 Nd7 24. Bb5 Nb8 25. Ra4 f6 26. Qa2 Rf8 27. b4 Bg6 28. Ra1 Rf7 29. Rd1 Re7 30. bxc5 bxc5 31. Ra1 Kf8 32. c4 Be8 33. Bxe8 Kxe8 34. Be1 Qc8 *

[Event "FIDE WYCC Open U14 2023"]
[Site "Montesilvano"]
[Date "2023.11.18"]
[Round "6.35"]
[White "Lira, Suan Bruno Fernandes"]
[Black "Georgiadis, Anastasios"]
[Result "*"]
[WhiteElo "1858"]
[BlackElo "2001"]
[Annotator "NA"]
[PlyCount "70"]
[EventDate "2023.11.13"]
[EventType "swiss"]
[EventCountry "ITA"]
[SourceTitle "playchess.com"]
[Source "ChessBase"]
[SourceQuality "1"]
[TimeControl "40/5400+30:1800+30"]

1. d4 Nf6 2. c4 e6 3. Nf3 Bb4+ 4. Nbd2 O-O 5. a3 Bxd2+ 6. Qxd2 b6 7. e3 Bb7 8. Be2 d6 9. O-O Nbd7 10. b4 Ne4 11. Qc2 f5 12. Bb2 Qe7 13. Rad1 Rae8 14. d5 exd5 15. cxd5 Ndf6 16. Bc4 Bc8 17. Bb5 Bd7 18. Nd4 Bxb5 19. Nxb5 a6 20. Nc3 Nxc3 21. Qxc3 Qd7 22. Qd3 b5 23. Rc1 Ng4 24. Rc6 Ne5 25. Bxe5 Rxe5 26. Rfc1 Qf7 27. Rxc7 Qxd5 28. Qc3 Rfe8 29. Rd7 R5e7 30. Rxe7 Rxe7 31. Qc8+ Kf7 32. Qxa6 Qe5 33. g3 Qd5 34. a4 Qd2 35. Qc8 Qd3 *

[Event "FIDE WYCC Open U14 2023"]
[Site "Montesilvano"]
[Date "2023.11.20"]
[Round "7.1"]
[White "Ermitsch, Magnus"]
[Black "Mamedov, Edgar"]
[Result "1-0"]
[ECO "B03"]
[WhiteElo "2206"]
[BlackElo "2234"]
[Annotator "RC"]
[PlyCount "143"]
[EventDate "2023.11.13"]
[EventType "swiss"]
[EventCountry "ITA"]
[SourceTitle "playchess.com"]
[Source "ChessBase"]
[SourceQuality "1"]
[TimeControl "40/5400+30:1800+30"]

1. e4 Nf6 2. e5 Nd5 3. d4 d6 4. c4 Nb6 5. exd6 cxd6 6. Nc3 g6 7. Be3 Bg7 8. Rc1 O-O 9. b3 e5 10. dxe5 dxe5 11. Qxd8 Rxd8 12. c5 N6d7 13. Nf3 Nc6 14. Bc4 Na5 15. Be2 Nc6 16. Ne4 h6 17. Nd6 Nf8 18. Bc4 Be6 19. Nxb7 Rdb8 20. Nd6 Bxc4 21. Rxc4 f5 22. O-O Ne6 23. g4 f4 24. Bd2 a5 25. Bc3 Ned4 26. Bxd4 exd4 27. Re1 Rb4 28. Re6 d3 29. Kf1 Kh7 30. g5 a4 31. Rxb4 Nxb4 32. Re4 axb3 33. axb3 Nd5 34. gxh6 Bf6 35. Re8 Ra1+ 36. Kg2 g5 37. h3 Ra2 38. Ne4 Kxh6 39. Re6 Kg6 40. Rd6 Kf5 41. Nfd2 Ne3+ 42. fxe3 fxe3 43. Rxd3 exd2 44. Kf3 Be7 45. Nd6+ Ke6 46. Ke2 Rb2 47. Nc4 Ra2 48. c6 Ra7 49. Re3+ Kd5 50. Kxd2 Kxc6 51. Kd3 Bd8 52. Re6+ Kb5 53. Kc3 Rh7 54. Re3 Bf6+ 55. Kd3 Kb4 56. Kc2 Rh4 57. Rg3 Rf4 58. Nd2 Kb5 59. Nf3 Rf5 60. Nd2 Rf2 61. Kd3 Rf4 62. Ne4 Kb4 63. Nxf6 Rxf6 64. Ke4 Rf1 65. Rxg5 Kxb3 66. h4 Kc4 67. h5 Ra1 68. h6 Rh1 69. Rg6 Re1+ 70. Kf5 Kd5 71. Kf6 Re8 72. h7 1-0

[Event "FIDE WYCC Open U14 2023"]
[Site "Montesilvano"]
[Date "2023.11.20"]
[Round "7.2"]
[White "Banh Gia Huy"]
[Black "Rustamov, Rustam"]
[Result "*"]
[ECO "D02"]
[WhiteElo "2397"]
[BlackElo "2229"]
[Annotator "RC"]
[PlyCount "84"]
[EventDate "2023.11.13"]
[EventType "swiss"]
[EventCountry "ITA"]
[SourceTitle "playchess.com"]
[Source "ChessBase"]
[SourceQuality "1"]
[TimeControl "40/5400+30:1800+30"]

1. d4 d5 2. Nf3 Nf6 3. Bf4 c5 4. e3 Nc6 5. Nbd2 e6 6. c3 Bd6 7. Bg3 Qe7 8. Ne5 Nd7 9. Bb5 Bxe5 10. dxe5 a6 11. Bxc6 bxc6 12. Qa4 Bb7 13. c4 a5 14. Rc1 O-O 15. O-O Nb6 16. Qc2 Ba6 17. b3 a4 18. Rfd1 Rfc8 19. h3 Qg5 20. Qc3 Qg6 21. Bh4 Nd7 22. Be7 f6 23. Nf3 Kf7 24. Bd6 Qh5 25. Rd2 f5 26. Ne1 g5 27. Nd3 g4 28. hxg4 Qxg4 29. f3 Qg3 30. Nxc5 Nxc5 31. Bxc5 Rg8 32. e4 dxe4 33. fxe4 Qxc3 34. Rd7+ Kg6 35. exf5+ Kxf5 36. Rxc3 Rg4 37. Re3 axb3 38. Rf7+ Kg6 39. Rf6+ Kg7 40. axb3 Rd8 41. Ref3 Rd1+ 42. Kh2 Rd2 *

[Event "FIDE WYCC Open U14 2023"]
[Site "Montesilvano"]
[Date "2023.11.20"]
[Round "7.3"]
[White "Tabuenca Mendataurigoitia, Daniel"]
[Black "Dinh Nho Kiet"]
[Result "*"]
[ECO "B10"]
[WhiteElo "2383"]
[BlackElo "2253"]
[Annotator "RC"]
[PlyCount "86"]
[EventDate "2023.11.13"]
[EventType "swiss"]
[EventCountry "ITA"]
[SourceTitle "playchess.com"]
[Source "ChessBase"]
[SourceQuality "1"]
[TimeControl "40/5400+30:1800+30"]

1. e4 c6 2. Nf3 d5 3. d3 dxe4 4. dxe4 Qxd1+ 5. Kxd1 Bg4 6. Be2 Nd7 7. Ne1 Bxe2+ 8. Kxe2 e5 9. Nd3 Bd6 10. Be3 Ngf6 11. f3 Ke7 12. a4 Ne8 13. Nd2 f6 14. Rhd1 Bc7 15. a5 Nd6 16. a6 Bb6 17. axb7 Nxb7 18. Ra6 Rhc8 19. Rda1 Nbc5 20. Nxc5 Nxc5 21. R6a5 Nd7 22. Bxb6 Nxb6 23. Rxa7+ Ke6 24. Nb3 Rxa7 25. Rxa7 Nd7 26. Na5 Rb8 27. b3 c5 28. Nc4 Rb4 29. Ne3 Rb8 30. Nd5 h5 31. h4 g6 32. g3 g5 33. hxg5 fxg5 34. Ra6+ Kf7 35. Rh6 Nf8 36. Rxh5 Ne6 37. Kd3 Kg6 38. Rh1 Rf8 39. Ne7+ Kf6 40. Nf5 Rd8+ 41. Ke3 Nd4 42. Rh6+ Kf7 43. Rh2 Ra8 *

[Event "FIDE WYCC Open U14 2023"]
[Site "Montesilvano"]
[Date "2023.11.20"]
[Round "7.4"]
[White "Ljepic, Andrej"]
[Black "Agasarov, Benik"]
[Result "1-0"]
[ECO "B40"]
[WhiteElo "2236"]
[BlackElo "2360"]
[Annotator "RC"]
[PlyCount "113"]
[EventDate "2023.11.13"]
[EventType "swiss"]
[EventCountry "ITA"]
[SourceTitle "playchess.com"]
[Source "ChessBase"]
[SourceQuality "1"]
[TimeControl "40/5400+30:1800+30"]

1. e4 c5 2. Nf3 e6 3. c3 d5 4. exd5 exd5 5. d4 Nc6 6. Be3 cxd4 7. Nxd4 Nf6 8. Be2 Bd6 9. O-O O-O 10. Nd2 Re8 11. Re1 h6 12. h3 a6 13. Bd3 Bc7 14. Qc2 Qd6 15. Nf1 Ne4 16. f3 Nf6 17. Bf2 Rxe1 18. Rxe1 Bb6 19. Nb3 Ne5 20. Bd4 Nxd3 21. Qxd3 Bd7 22. Bxb6 Qxb6+ 23. Qd4 Qb5 24. Ne3 a5 25. Qc5 Qa4 26. Nd4 Qxa2 27. Qb6 Re8 28. Qxb7 a4 29. Qb4 Ra8 30. Ndc2 Qb3 31. Qxb3 axb3 32. Nd4 Ra2 33. Rb1 Ba4 34. Ne2 Bb5 35. Nc1 d4 36. cxd4 Ra4 37. Nxb3 Rb4 38. Nc5 Rxd4 39. Rd1 Rb4 40. Rd2 h5 41. Kf2 g6 42. b3 Be8 43. Rd6 Rb5 44. b4 Kg7 45. Nc2 Rb8 46. g4 hxg4 47. hxg4 Ra8 48. Kg3 Bb5 49. Nd4 Bf1 50. b5 Ra2 51. b6 Rb2 52. b7 g5 53. Nf5+ Kg6 54. Ne3 Be2 55. Ne4 Rxb7 56. Rxf6+ Kh7 57. Nf5 1-0

[Event "FIDE WYCC Open U14 2023"]
[Site "Montesilvano"]
[Date "2023.11.20"]
[Round "7.5"]
[White "Daakshin Arun"]
[Black "Myagmarsuren, Evsuld"]
[Result "*"]
[ECO "D14"]
[WhiteElo "2342"]
[BlackElo "2150"]
[Annotator "RC"]
[PlyCount "58"]
[EventDate "2023.11.13"]
[EventType "swiss"]
[EventCountry "ITA"]
[SourceTitle "playchess.com"]
[Source "ChessBase"]
[SourceQuality "1"]
[TimeControl "40/5400+30:1800+30"]

1. d4 d5 2. c4 c6 3. Nc3 Nf6 4. cxd5 cxd5 5. Bf4 Nc6 6. e3 Bf5 7. Nf3 e6 8. Qb3 Bb4 9. Ne5 Bxc3+ 10. Qxc3 Nxe5 11. Bxe5 O-O 12. Qb4 Qb6 13. Qxb6 axb6 14. Bxf6 gxf6 15. Be2 Rfc8 16. Bd1 b5 17. Kd2 Rc6 18. g4 Bg6 19. h4 Rac8 20. h5 Bc2 21. Rc1 Bxd1 22. Rhxd1 Kf8 23. Rxc6 Rxc6 24. f3 Ke7 25. Rc1 Rxc1 26. Kxc1 e5 27. f4 f5 28. g5 exf4 29. exf4 b4 *

[Event "FIDE WYCC Open U14 2023"]
[Site "Montesilvano"]
[Date "2023.11.20"]
[Round "7.6"]
[White "Dotzer, Lukas"]
[Black "Yun, Hungi"]
[Result "*"]
[ECO "B90"]
[WhiteElo "2339"]
[BlackElo "1884"]
[Annotator "RC"]
[PlyCount "57"]
[EventDate "2023.11.13"]
[EventType "swiss"]
[EventCountry "ITA"]
[SourceTitle "playchess.com"]
[Source "ChessBase"]
[SourceQuality "1"]
[TimeControl "40/5400+30:1800+30"]

1. e4 c5 2. Nf3 d6 3. d4 cxd4 4. Nxd4 Nf6 5. Nc3 a6 6. f3 e6 7. Be3 b5 8. Qd2 Nbd7 9. g4 b4 10. Na4 h6 11. h4 Bb7 12. Rg1 g6 13. Qxb4 Rb8 14. Qd2 d5 15. g5 hxg5 16. hxg5 Nh5 17. exd5 Bxd5 18. O-O-O Bb4 19. c3 Qa5 20. cxb4 Qxa4 21. b3 Qxb4 22. Qxb4 Rxb4 23. Bxa6 O-O 24. Be2 Ng7 25. Kb2 Rfb8 26. f4 Nc5 27. Nc2 Re4 28. Bf3 Rxe3 29. Bxd5 *

[Event "FIDE WYCC Open U14 2023"]
[Site "Montesilvano"]
[Date "2023.11.20"]
[Round "7.7"]
[White "Haug, Havard"]
[Black "Goh, Zi Han"]
[Result "1-0"]
[ECO "B22"]
[WhiteElo "2223"]
[BlackElo "2333"]
[Annotator "RC"]
[PlyCount "147"]
[EventDate "2023.11.13"]
[EventType "swiss"]
[EventCountry "ITA"]
[SourceTitle "playchess.com"]
[Source "ChessBase"]
[SourceQuality "1"]
[TimeControl "40/5400+30:1800+30"]

1. e4 c5 2. c3 d5 3. exd5 Qxd5 4. d4 Nf6 5. Nf3 e6 6. Na3 a6 7. Nc4 Nbd7 8. Be2 cxd4 9. Nxd4 Bc5 10. O-O O-O 11. Be3 Ne5 12. Nxe5 Qxe5 13. Bf3 Qc7 14. Bg5 Bd7 15. Bxf6 gxf6 16. Qd2 Kh8 17. Rad1 Rad8 18. Qh6 Be7 19. Rfe1 Rg8 20. Nb3 Rg6 21. Qe3 Rg5 22. Rd3 Re5 23. Qd2 Rxe1+ 24. Qxe1 Bc8 25. Qd2 Rxd3 26. Qxd3 Qd6 27. Qc4 Qd8 28. g3 Kg8 29. Qf4 Qd6 30. Qa4 Kg7 31. Na5 Qd2 32. Qc4 Bd7 33. Bxb7 Qxb2 34. Bc6 Bxc6 35. Nxc6 Bd6 36. Qg4+ Kf8 37. Qd4 Be7 38. Nxe7 Kxe7 39. Qa7+ Kf8 40. Qxa6 Qxc3 41. Qa8+ Kg7 42. a4 f5 43. a5 f4 44. gxf4 Qc1+ 45. Kg2 Qxf4 46. Qf3 Qa4 47. Qc3+ Kf8 48. h3 Qb5 49. Qa3+ Ke8 50. a6 Qg5+ 51. Kf1 Qb5+ 52. Ke1 Qe5+ 53. Kf1 Qb5+ 54. Kg2 Qg5+ 55. Qg3 Qb5 56. Qd6 Qg5+ 57. Kh2 Qf5 58. Qb8+ Kd7 59. Qb7+ Ke8 60. Qc8+ Ke7 61. Qc7+ Ke8 62. f4 Qd3 63. a7 Qe2+ 64. Kg3 Qe1+ 65. Kg4 Qe2+ 66. Kh4 Qf2+ 67. Kh5 Qf3+ 68. Kh6 Qe4 69. Qc8+ Ke7 70. Qg8 Qd4 71. Qg5+ f6 72. Qg7+ Kd6 73. a8=Q Qxf4+ 74. Kxh7 1-0

[Event "FIDE WYCC Open U14 2023"]
[Site "Montesilvano"]
[Date "2023.11.20"]
[Round "7.8"]
[White "Perossa, Nicolas"]
[Black "Bolat, Inayat"]
[Result "*"]
[ECO "C50"]
[WhiteElo "2330"]
[BlackElo "2088"]
[Annotator "RC"]
[PlyCount "81"]
[EventDate "2023.11.13"]
[EventType "swiss"]
[EventCountry "ITA"]
[SourceTitle "playchess.com"]
[Source "ChessBase"]
[SourceQuality "1"]
[TimeControl "40/5400+30:1800+30"]

1. e4 e5 2. Nf3 Nc6 3. Bc4 Nf6 4. d3 Bc5 5. O-O O-O 6. Nbd2 d6 7. c3 a5 8. h3 h6 9. Re1 Be6 10. Bb5 Ba7 11. Nf1 Ne7 12. Ba4 Ng6 13. Ng3 c6 14. Bc2 b5 15. d4 b4 16. Be3 Qc7 17. Qd2 Rab8 18. Nf5 bxc3 19. bxc3 Rb2 20. Qc1 Rfb8 21. Bb3 Bxb3 22. Qxb2 Bd5 23. Qa3 Bxe4 24. Qxd6 Qxd6 25. Nxd6 Bxf3 26. dxe5 Bxe3 27. Rxe3 Nd5 28. Rxf3 Nxe5 29. Rg3 Rb2 30. c4 Nf4 31. Ra3 Rd2 32. Rxa5 Ned3 33. Rf1 Ne2+ 34. Kh2 Nc3 35. Ra8+ Kh7 36. Nxf7 Kg6 37. Nh8+ Kf5 38. a4 Ke4 39. Nf7 Nd1 40. Re8+ Kf4 41. Rd8 *

[Event "FIDE WYCC Open U14 2023"]
[Site "Montesilvano"]
[Date "2023.11.20"]
[Round "7.9"]
[White "Artemov, Andriy"]
[Black "Cieslak, Patryk"]
[Result "0-1"]
[ECO "E04"]
[WhiteElo "1779"]
[BlackElo "2284"]
[Annotator "RC"]
[PlyCount "128"]
[EventDate "2023.11.13"]
[EventType "swiss"]
[EventCountry "ITA"]
[SourceTitle "playchess.com"]
[Source "ChessBase"]
[SourceQuality "1"]
[TimeControl "40/5400+30:1800+30"]

1. d4 Nf6 2. c4 e6 3. g3 d5 4. Bg2 dxc4 5. Nf3 c6 6. Ne5 Bb4+ 7. Bd2 Be7 8. e3 b5 9. O-O Bb7 10. a4 a6 11. b3 cxb3 12. Qxb3 Nfd7 13. Nc4 Ra7 14. Na5 Ba8 15. Rc1 O-O 16. Bxc6 Nxc6 17. Nxc6 Bxc6 18. Rxc6 b4 19. Be1 Rc7 20. Rc2 Rxc2 21. Qxc2 Qb8 22. Nd2 Rc8 23. Qd3 Qb7 24. Nb3 h5 25. e4 h4 26. Bd2 Nf6 27. Re1 Rd8 28. Bg5 Rc8 29. Bd2 hxg3 30. hxg3 Rd8 31. f3 Nd7 32. Rc1 Rc8 33. Rxc8+ Qxc8 34. a5 Qc6 35. d5 exd5 36. exd5 Qf6 37. Kg2 Bf8 38. f4 Qd6 39. Be3 Be7 40. Kf3 Qh6 41. Kg2 Qd6 42. Kf3 Bd8 43. Qc4 Nf6 44. Bc5 Qd7 45. Bxb4 Nxd5 46. Bd2 Nf6 47. Qd4 Qb7+ 48. Kf2 Qxb3 49. Qxd8+ Kh7 50. Qd4 Ng4+ 51. Kg2 Qb7+ 52. Kh3 f5 53. Qg1 Qc6 54. Bb4 Qe4 55. Bc3 Qe2 56. Bd4 Qd2 57. Bb6 Qc2 58. Qh1 Qe2 59. Qg1 Nf6 60. Bd4 Ne4 61. Be3 Kh6 62. Bb6 g5 63. Be3 g4+ 64. Kh4 Nd2 0-1

[Event "FIDE WYCC Open U14 2023"]
[Site "Montesilvano"]
[Date "2023.11.20"]
[Round "7.10"]
[White "Matyassy, Lazar"]
[Black "Prokhorov, Aleksey"]
[Result "0-1"]
[ECO "B23"]
[WhiteElo "2281"]
[BlackElo "1869"]
[Annotator "RC"]
[PlyCount "104"]
[EventDate "2023.11.13"]
[EventType "swiss"]
[EventCountry "ITA"]
[SourceTitle "playchess.com"]
[Source "ChessBase"]
[SourceQuality "1"]
[TimeControl "40/5400+30:1800+30"]

1. e4 c5 2. Nc3 d6 3. d4 cxd4 4. Qxd4 Nc6 5. Qd2 Nf6 6. b3 e6 7. Bb2 Be7 8. O-O-O a6 9. f3 b5 10. Kb1 Bb7 11. g4 Rc8 12. Nge2 Ne5 13. Bg2 Nfd7 14. Ng3 Qa5 15. f4 Nxg4 16. h3 Ngf6 17. a3 Qc7 18. h4 h5 19. Rhe1 Ng4 20. Bf3 Bxh4 21. Rh1 Bxg3 22. Bxg4 Nf6 23. Bf3 h4 24. Rdg1 Rg8 25. Rxg3 hxg3 26. Rg1 Rd8 27. Rxg3 d5 28. exd5 Nxd5 29. Bxd5 Bxd5 30. Qh2 Qxf4 31. Nxd5 Rxd5 32. Qh7 Qxg3 33. Qxg8+ Ke7 34. Bxg7 Qg6 35. Qf8+ Kd7 36. Bc3 e5 37. Qb8 Qd6 38. Qb7+ Ke6 39. Qc8+ Qd7 40. Qxa6+ Rd6 41. Qa5 Qc6 42. Bb4 Rd7 43. Bf8 e4 44. Qe1 Qd5 45. Qh4 Qd1+ 46. Kb2 Qf3 47. Bg7 f6 48. Qh8 Rc7 49. Qe8+ Kf5 50. Qxb5+ Kg6 51. Bxf6 Qxf6+ 52. Kb1 Re7 0-1

[Event "FIDE WYCC Open U14 2023"]
[Site "Montesilvano"]
[Date "2023.11.20"]
[Round "7.11"]
[White "Kozlovic, Jernej"]
[Black "Daaevik Wadhawan"]
[Result "1/2-1/2"]
[ECO "C79"]
[WhiteElo "2263"]
[BlackElo "1810"]
[Annotator "RC"]
[PlyCount "120"]
[EventDate "2023.11.13"]
[EventType "swiss"]
[EventCountry "ITA"]
[SourceTitle "playchess.com"]
[Source "ChessBase"]
[SourceQuality "1"]
[TimeControl "40/5400+30:1800+30"]

1. e4 e5 2. Nf3 Nc6 3. Bb5 a6 4. Ba4 Nf6 5. O-O d6 6. Re1 Bd7 7. c4 g6 8. Nc3 Bg7 9. Bxc6 bxc6 10. d4 Qe7 11. dxe5 dxe5 12. Qc2 O-O 13. Na4 Nh5 14. Be3 Rfd8 15. Nc5 Bg4 16. Nd2 Nf4 17. f3 Bh3 18. g3 Ng2 19. Ndb3 Nxe3 20. Rxe3 Bh6 21. Rd3 Rxd3 22. Qxd3 Rd8 23. Qe2 Bc8 24. Kf2 Qg5 25. Rd1 Rd6 26. Rd3 Qe7 27. Rxd6 cxd6 28. Nd3 a5 29. c5 Qa7 30. Qe1 Qa6 31. Qc3 a4 32. Nbc1 Qa7 33. Kg2 Qd7 34. cxd6 Be3 35. Nf2 Bxc1 36. Qxc1 Qxd6 37. Qd1 Qxd1 38. Nxd1 Be6 39. Nc3 Kf8 40. Kf2 Ke7 41. Ke3 Bc4 42. Kd2 Kd6 43. h4 h5 44. g4 f6 45. gxh5 gxh5 46. a3 Bb3 47. Ne2 Kc5 48. Ng3 Bf7 49. Kc3 Kb5 50. Nf5 Kc5 51. Ne3 Bb3 52. Kd3 Bf7 53. Kc3 Bb3 54. Kd3 Bf7 55. Nf5 Bc4+ 56. Kd2 Be6 57. Ng3 Bf7 58. Kc3 Kb5 59. Ne2 Bb3 60. Ng3 Bf7 1/2-1/2

[Event "FIDE WYCC Open U14 2023"]
[Site "Montesilvano"]
[Date "2023.11.20"]
[Round "7.12"]
[White "Bharadia Yash"]
[Black "Besou, Hussain"]
[Result "1-0"]
[ECO "B12"]
[WhiteElo "2071"]
[BlackElo "2341"]
[Annotator "RC"]
[PlyCount "107"]
[EventDate "2023.11.13"]
[EventType "swiss"]
[EventCountry "ITA"]
[SourceTitle "playchess.com"]
[Source "ChessBase"]
[SourceQuality "1"]
[TimeControl "40/5400+30:1800+30"]

1. e4 c6 2. d4 d5 3. e5 Bf5 4. h4 h5 5. Bd3 Bxd3 6. Qxd3 e6 7. Nf3 Qa5+ 8. Nbd2 Qa6 9. c4 Nd7 10. O-O Nh6 11. b3 Nf5 12. Bb2 Be7 13. g3 Rc8 14. Qc2 O-O 15. c5 b6 16. b4 bxc5 17. dxc5 Qb5 18. a3 a5 19. Bc3 Ra8 20. Nb3 axb4 21. axb4 Qc4 22. Na5 Qb5 23. Nb3 Rac8 24. Be1 Rfd8 25. Kg2 Bf8 26. Nbd4 Nxd4 27. Nxd4 Qc4 28. Qxc4 dxc4 29. Bc3 Nxe5 30. Nxe6 fxe6 31. Bxe5 Rd3 32. Rac1 Ra8 33. Rxc4 Ra2 34. Re1 Rdd2 35. Rf4 Re2 36. Ra1 Be7 37. Rxa2 Rxa2 38. Rd4 Ra7 39. Kf3 Kf7 40. Ke2 Bf6 41. Bxf6 gxf6 42. Kd3 Ke7 43. Rd6 Rc7 44. Kc4 Rc8 45. b5 cxb5+ 46. Kxb5 e5 47. Rd2 Rb8+ 48. Ka6 Rc8 49. Kb6 Rb8+ 50. Kc7 Rb3 51. c6 e4 52. Kc8 Rc3 53. c7 Rc5 54. Kb7 1-0